 Dungeon Crawl Stone Soup version 0.30-a0-613-gdd512c7efb (webtiles) character file.

Game seed: 5152118934722104002

23 acebull12 the Grasshopper (level 2, -1/14 HPs)
             Began as a Spriggan Warper on Jan 8, 2023.
             Killed by nerve-wracking pain
             ... invoked by Jessica
              (8 damage)
             ... on level 2 of the Dungeon.
             The game lasted 00:02:54 (999 turns).

acebull12 the Grasshopper (Spriggan Warper)          Turns: 999, Time: 00:02:55

Health: -1/14      AC:  2    Str:  7    XL:     2   Next: 75%
Magic:  7/7        EV: 17    Int: 14    God:
Gold:   34         SH:  0    Dex: 14    Spells: 7/7 levels left

rFire   . . .      SeeInvis +    e - +0 dagger
rCold   . . .      Faith    .    (no shield)
rNeg    . . .      Spirit   .    b - +0 robe
rPois   .          Reflect  .    (helmet restricted)
rElec   .          Harm     .    (no cloak)
rCorr   .          Rampage  .    (gloves unavailable)
Will    .....                    (boots unavailable)
Stlth   ++                       (no amulet)
HPRegen 0.22/turn                (no ring)
MPRegen 0.10/turn                (no ring)

@: slowed, quick
A: very small, no large weapons, unfitting armour, see invisible, speed 3
a: no special abilities


You were on level 2 of the Dungeon.
You visited 1 branch of the dungeon, and saw 2 of its levels.

You collected 34 gold pieces.

Inventory:

Hand Weapons
 e - a +0 dagger (weapon)
Missiles
 a - 5 boomerangs
 d - 7 boomerangs of dispersal (quivered)
Armour
 b - a +0 robe (worn)
Scrolls
 c - a scroll of blinking
 f - a scroll of magic mapping {unknown}
 g - 2 scrolls of fear {unknown}
Potions
 h - a potion of brilliance {unknown}
 i - a potion of curing {unknown}


   Skills:
 + Level 1.6 Fighting
 + Level 2.3 Short Blades
 - Level 1.0 Throwing
 + Level 3.4 Dodging
 * Level 1.8 Stealth
 * Level 3.1 Spellcasting
 * Level 4.9 Translocations


You had 7 spell levels left.
You didn't know any spells.
Your spell library contained the following spells:

 Spells                   Type           Power      Damage    Failure   Level
 Blink                    Tloc           30%        N/A       4%          2
 Lesser Beckoning         Tloc           30%        N/A       9%          3
 Teleport Other           Tloc           15%        N/A       9%          3
 Vhi's Electric Charge    Tloc/Air       18%        N/A       24%         3
 Manifold Assault         Tloc           15%        N/A       28%         4


Dungeon Overview and Level Annotations

Branches:
Dungeon (2/15)

Altars:

Annotations:
D:2 Jessica


Innate Abilities, Weirdness & Mutations

You are very small and have problems with some larger weapons.
You are too small for most types of armour.
You have supernaturally acute eyesight. (SInv)
You cover ground extremely quickly. (Speed+++)


Message History

The kobold is moderately wounded.
You barely miss the kobold.
The kobold is moderately wounded.
The kobold hits you but does no damage.
You closely miss the kobold.
The kobold is moderately wounded.
The kobold hits you but does no damage.
You miss the kobold.
The kobold is moderately wounded.
The kobold hits you with a +0 dagger.
You hit the kobold.
The kobold is severely wounded.
The kobold misses you.
You barely miss the kobold.
The kobold is severely wounded.
The kobold misses you.
You hit the kobold.
You kill the kobold!
You start resting.
HP restored.
Found a sling.
Jessica the Apprentice Sorceress comes into view.
She is wielding a +0 club.
Jessica shouts!
Jessica misses you.
You barely miss Jessica. Jessica hits you with a +0 club.
You barely miss Jessica.
Jessica gestures wildly.
Jessica closely misses you.
You closely miss Jessica. Jessica misses you.
You closely miss Jessica. You hit Jessica but do no damage.
Jessica hits you with a +0 club.
You closely miss Jessica. Jessica completely misses you.
You barely miss Jessica. Jessica misses you.
You closely miss Jessica. Jessica casts a spell at you.
You feel yourself slow down. Jessica gestures at you while chanting.
Pain shoots through your body!
Ouch! That really hurt!
You die...

#.# #......<.# #.#
#.##.###.# #.# ..#
#.# #.# ####.#######
.# #......#...## ##
......#.#......#####
.###. #.@.........<#
.. #...@<.......# ..
##...........# .@
#)....>.)...# .
.............#
..........#####
#####.#...## #.#####
#..


You could see Jessica.

Vanquished Creatures
  A dart slug (D:1)
  2 bats (D:1)
  An endoplasm (D:1)
  2 goblins (D:1)
  3 hobgoblins (D:1)
  A quokka (D:1)
  7 ball pythons
  3 kobolds
  A rat (D:1)
21 creatures vanquished.

Notes
Turn   | Place    | Note
-------+----------+-------------------------------------------
     0 | D:1      | acebull12 the Spriggan Warper began the quest for the Orb.
     0 | D:1      | Reached XP level 1. HP: 10/10 MP: 5/5
   162 | D:1      | Reached skill level 1 in Stealth
   248 | D:1      | Reached XP level 2. HP: 9/14 MP: 6/6
   978 | D:2      | Noticed Jessica
   999 | D:2      | Killed from afar by Jessica

Illustrated notes

Levels and vault maps discovered:
D:1:      giann_bridges, layout_loops_ring
D:2:      layout_loops_cross, basic_altar, ebering_ecumenical_altar_box,
          uniq_jessica

Skill      XL: |  1  2 |
---------------+-------+-----
Stealth        | 1 |  1.8
Spellcasting   | 3 |  3.1
Fighting       | |  1.6
Short Blades   | |  2.3
Throwing       | |  1.0
Dodging        | |  3.4
Translocations | |  4.9

Action                   || total
-------------------------++-------
Melee: Dagger            ||    95
       Short sword       ||     9
       Punch             ||     3
 Stab: Sleeping          ||     2
Armor: Robe              ||    11
Dodge: Dodged            ||    75

Table legend: (Time is in decaauts)
 A = Elapsed time spent in this place.
 B = Non-inter-level travel time spent in this place.
 C = Inter-level travel time spent in this place.
 D = Time resting spent in this place.
 E = Time spent auto-exploring this place.
 F = Levels seen in this place.
 G = Mean time per level.
                   A        B        C        D        E       F      G
               +--------+--------+--------+--------+--------+-----+--------+
         Total |    715 |    652 |     63 |    117 |    339 |   2 |  357.5 |
       Dungeon |    715 |    652 |     63 |    117 |    339 |   2 |  357.5 |
               +--------+--------+--------+--------+--------+-----+--------+

Top non-repeatable levels by time:
     D:1: 643 daAuts
     D:2: 72 daAuts
